 Dungeon Crawl Stone Soup version 0.26-a0-663-g36e8fdb655 (webtiles) character file.

Game seed: 16490243779301825398

2323 marklar909 the Stinger (level 9, 0/65 HPs)
             Began as a Formicid Venom Mage on Oct 12, 2020.
             Was an Initiate of Gozag.
             Slain by a wight
             ... wielding a +6 morningstar
              (5 damage)
             ... on level 7 of the Dungeon.
             The game lasted 00:24:41 (8903 turns).

marklar909 the Stinger (Formicid Venom Mage)        Turns: 8903, Time: 00:24:42

Health: 0/65       AC: 11    Str: 15    XL:     9   Next: 69%
Magic:  11/16      EV: 11    Int: 16    God:    Gozag
Gold:   447        SH:  0    Dex: 11    Spells: 4/17 levels left

rFire    . . .     SeeInvis +   p - +2 trident
rCold    . . .     Faith    .   (no shield)
rNeg     . . .     Spirit   .   l - +2 leather armour {rPois}
rPois    +         Reflect  .   (helmet unavailable)
rElec    .         Harm     .   B - +1 cloak
rCorr    .         Rampage  .   (no gloves)
MR       .....                  (no boots)
Stlth    ++........             (no amulet)
HPRegen  0.20/turn              d - +4 ring of protection
MPRegen  0.15/turn              h - ring of stealth

@: gold aura, heavily drained
A: permanent stasis, dig shafts and tunnels, four strong arms, antennae 3
a: Dig, Shaft Self, Potion Petition, Call Merchant, Bribe Branch, Renounce
Religion


You were on level 7 of the Dungeon.
You worshipped Gozag.
Gozag was aware of your devotion.
You visited 2 branches of the dungeon, and saw 8 of its levels.

You collected 587 gold pieces.
You spent 103 gold pieces at shops.
You paid 37 gold pieces to Gozag.

Inventory:

Hand Weapons
 p - a +2 trident (weapon)
Missiles
 o - 8 javelins (quivered)
Armour
 l - a +2 leather armour of poison resistance (worn)
 w - a +0 kite shield
 y - a +1 ring mail of poison resistance
 B - a +1 cloak (worn)
Jewellery
 d - a +4 ring of protection (left hand)
 h - a ring of stealth (right hand)
 i - an uncursed ring of fire
 m - an uncursed ring of protection from magic
 z - an uncursed ring of protection from cold {unknown}
Wands
 a - a wand of digging (3)
 q - a wand of random effects (40)
 A - a wand of iceblast (4)
Scrolls
 f - 3 scrolls of identify
 j - 3 scrolls of fear
 k - 2 scrolls of immolation
 n - a scroll of amnesia {unknown}
 s - 2 scrolls of remove curse
 u - a scroll of fog
 x - a scroll of enchant weapon
 C - a scroll of holy word {unknown}
Potions
 b - 4 potions of stabbing
 c - 2 potions of magic
 g - 2 potions of brilliance
 r - a potion of curing {unknown}
 t - a potion of degeneration {unknown}
 v - a potion of lignification {unknown}


   Skills:
 * Level 4.1(2.8) Fighting
 * Level 4.3(3.0) Polearms
 * Level 3.2(2.0) Armour
 + Level 2.5(1.2) Dodging
 + Level 2.7(1.4) Stealth
 * Level 1.5(0.3) Shields
 + Level 4.9(3.5) Spellcasting
 + Level 2.1(0.9) Conjurations
 * Level 5.0(3.7) Transmutations
 + Level 2.0(0.8) Fire Magic
 + Level 2.7(1.5) Air Magic
 * Level 7.8(6.4) Poison Magic
 + Level 0.2(0.0) Evocations


You had 4 spell levels left.
You knew the following spells:

 Your Spells              Type           Power        Failure   Level
a - Sting                 Tmut/Pois      ###.         2%          1
b - Poisonous Vapours     Pois/Air       ###...       6%          2
c - Ignite Poison         Fire/Tmut/Pois ##......     14%         3
d - Mephitic Cloud        Conj/Pois/Air  ##......     19%         3
e - Olgreb's Toxic Radia  Pois           ###.....     16%         4

Your spell library contained the following spells:

 Spells                   Type           Power        Failure   Level


Dungeon Overview and Level Annotations

Branches:
Dungeon (7/15)             Temple (1/1) D:4

Altars:
Ashenzari
Cheibriados
Dithmenos
Elyvilon
Fedhas
Gozag
Hepliaklqana
Kikubaaqudgha
Makhleb
Nemelex Xobeh
Okawaru
Qazlal
Ru
Sif Muna
Trog
Vehumet
Wu Jian
Xom
Yredelemnul
Zin

Shops:
D:5 (   D:6 [

Annotations:
D:4 Duvessa
D:5 Grinder


Innate Abilities, Weirdness & Mutations

You cannot be hasted, slowed, berserked, paralysed or teleported.
You can dig through walls and to a lower floor.
Your four strong arms can wield two-handed weapons with a shield.
You have a pair of large antennae on your head. (SInv)


Message History

* * * LOW HITPOINT WARNING * * *
You hit the wight but do no damage.
The wight is severely damaged.
The wight hits you with a +6 morningstar.
* * * LOW HITPOINT WARNING * * *
You feel drained.
* * * LOW HITPOINT WARNING * * *
Unknown command.
Okay, then.
Unknown command.
Unknown command.
It was a potion of heal wounds.
You feel much better.
The wight hits you with a +6 morningstar!
* * * LOW HITPOINT WARNING * * *
Unknown command.
The wight hits you with a +6 morningstar!
* * * LOW HITPOINT WARNING * * *
You feel drained.
You die...
Your body crumbles into a pile of gold.

..[.........>......#......
.....................#..##
.###########.####.#.......
..... ##.#....(.......
.###. #####..[..((........
..# #..$......#.........
.... .#.....)##.....>[..
.#..##.##....$.##z........
.#...#.....$.$.$@.#.......
...#......########..#
......$....# ..#
.#.#.......# #.........#
##...$##..# #.... ##.#
..#.. #.. ...#.. ....


You could see a wight.

Vanquished Creatures
  Eustachio (D:6)
  Edmund (D:6)
  A sky beast (D:5)
  2 ice beasts
  A big kobold (D:7)
  Blork the orc (D:6)
  4 bullfrogs
  A scorpion (D:6)
  Dowan (D:4)
  A wight (D:7)
  2 howler monkeys
  2 bullfrog zombies
  A quasit (D:7)
  2 jellies (D:5)
  5 hounds
  4 orc priests
  Crazy Yiuf (D:5)
  A bullfrog skeleton (D:4)
  3 iguanas
  5 orc wizards
  Natasha (thrice) (D:2)
  6 worker ants
  A worker ant zombie (D:6)
  3 gnolls (D:2)
  11 adders
  2 white imps (D:6)
  An adder skeleton (D:5)
  2 dart slugs
  2 leopard geckos
  23 orcs
  2 ball pythons
  8 bats
  2 giant cockroaches (D:2)
  11 goblins
  7 hobgoblins
  6 jackals
  3 quokkas
  5 frilled lizards
  A jackal skeleton (D:4)
  10 kobolds
  8 rats
  A spectral orc (D:7)
158 creatures vanquished.

Notes
Turn   | Place    | Note
-------+----------+-------------------------------------------
     0 | D:1      | marklar909 the Formicid Venom Mage began the quest for the
                  | Orb.
     0 | D:1      | Reached XP level 1. HP: 13/13 MP: 3/3
   172 | D:1      | Reached XP level 2. HP: 19/19 MP: 3/5
   703 | D:1      | Reached XP level 3. HP: 24/24 MP: 0/7
  1021 | D:1      | Learned a level 2 spell: Poisonous Vapours
  1025 | D:1      | Learned a level 3 spell: Ignite Poison
  1447 | D:2      | Noticed Natasha
  1473 | D:1      | Reached skill level 1 in Fire Magic
  1587 | D:2      | Killed Natasha
  1587 | D:2      | Reached XP level 4. HP: 19/31 MP: 1/8
  1747 | D:1      | Learned a level 3 spell: Mephitic Cloud
  1832 | D:2      | Found an iron altar of Okawaru.
  2014 | D:2      | Reached skill level 1 in Fighting
  2014 | D:2      | Reached XP level 5. HP: 37/37 MP: 7/9
  2102 | D:2      | Reached skill level 5 in Poison Magic
  2203 | D:2      | Noticed Natasha
  2291 | D:2      | Killed Natasha
  2321 | D:2      | Noticed Natasha
  2330 | D:2      | Killed Natasha
  2598 | D:3      | Reached XP level 6. HP: 41/43 MP: 7/10
  2876 | D:3      | You fall into a shaft and drop 2 floors!
  2876 | D:5      | Entered Level 5 of the Dungeon
  3023 | D:4      | Reached skill level 1 in Armour
  3799 | D:3      | Reached skill level 6 in Poison Magic
  4141 | D:4      | Reached XP level 7. HP: 47/48 MP: 7/12
  4240 | D:4      | Found a staircase to the Ecumenical Temple.
  4267 | D:4      | Reached skill level 1 in Air Magic
  4399 | Temple   | Entered the Ecumenical Temple
  4570 | Temple   | Became a worshipper of Gozag Ym Sagoz the Greedy
  4684 | D:4      | Learned a level 4 spell: Olgreb's Toxic Radiance
  4883 | D:4      | Noticed Dowan
  4995 | D:4      | Found a shimmering blue altar of Sif Muna.
  5024 | D:4      | Noticed Duvessa
  5031 | D:4      | Killed Dowan
  5031 | D:4      | Reached skill level 1 in Polearms
  5280 | D:5      | Reached XP level 8. HP: 45/58 MP: 14/14
  5545 | D:5      | Found a snail-covered altar of Cheibriados.
  5958 | D:5      | Reached skill level 7 in Poison Magic
  6124 | D:5      | Noticed Grinder
  6195 | D:5      | Found Boilaveq's Antique Weapon Shoppe.
  6386 | D:5      | Found a runed translucent door.
  6387 | D:5      | Noticed Crazy Yiuf
  6405 | D:5      | Killed Crazy Yiuf
  6979 | D:6      | Noticed Eustachio
  6988 | D:6      | Killed Eustachio
  6988 | D:6      | Reached skill level 1 in Conjurations
  6988 | D:6      | Reached XP level 9. HP: 65/65 MP: 15/15
  7420 | D:6      | Noticed Edmund
  7491 | D:6      | Killed Edmund
  7748 | D:6      | Found Dufeim's Antique Armour Boutique.
  7819 | D:6      | Bought a kite shield for 103 gold pieces
  7985 | D:6      | Noticed Blork the orc
  7992 | D:6      | Killed Blork the orc
  7992 | D:6      | Reached skill level 1 in Shields
  8601 | D:7      | Found a basalt altar of Yredelemnul.
  8898 | D:7      | Reached skill level 5 in Transmutations
  8901 | D:7      | HP: 3/65 [wight/+6 morningstar (1)]
  8903 | D:7      | Slain by a wight

Illustrated notes

Levels and vault maps discovered:
D:1:      lemuel_arrival_lava_pool, layout_basic, minmay_statues_item
D:2:      layout_rooms, lemuel_crystal_altar, uniq_natasha
D:3:      layout_loops_ring
D:4:      layout_rooms, led_sif_pool, minmay_temple_entry_antechambers,
          kennysheep_generic_room_4, uniq_duvessa
D:5:      layout_loops_ring, old_standard_altar, serial_shops,
          kennysheep_mini_moat, kennysheep_boxes, uniq_grinder,
          uniq_crazy_yiuf_cottage
D:6:      layout_gridville, serial_shops, shop, uniq_eustachio,
          uniq_blork_the_orc, uniq_edmund
D:7:      layout_rooms, yredelemnul_forgotten_temple_becter, grunt_ogre_cave,
          minmay_misc_feat_columns
Temple:   eino_temple_rhombus

Skill      XL: |  1  2  3  4  5  6  7  8  9 |
---------------+----------------------------+-----
Spellcasting   | 3 4 |  4.9
Fire Magic     | 1 2 |  2.0
Transmutations | 2 3 4 5 |  5.0
Fighting       | 1 3 4 |  4.1
Poison Magic   | 5 6 7 |  7.8
Armour         | 1 2 3 |  3.2
Air Magic      | 1 2 |  2.7
Dodging        | 2 |  2.5
Polearms       | 1 2 4 |  4.3
Conjurations   | 1 2 |  2.1
Shields        | 1 |  1.5
Stealth        | |  2.7
Evocations     | |  0.2

Action                   |  1- 3 |  4- 6 |  7- 9 || total
-------------------------+-------+-------+-------++-------
Melee: Unarmed           |     5 |     4 |       ||     9
       Trident           |       |    40 |   163 ||   203
 Cast: Sting             |    55 |    54 |    31 ||   140
       Poisonous Vapours |     1 |    35 |    75 ||   111
       Ignite Poison     |       |       |     7 ||     7
       Mephitic Cloud    |       |       |     6 ||     6
       Olgreb's Toxic Ra |       |       |     1 ||     1
 Abil: Dig               |       |       |     1 ||     1
Evoke: Wand              |       |       |     4 ||     4
  Use: Scroll            |     5 |     3 |     8 ||    16
       Potion            |       |       |     1 ||     1
 Stab: Sleeping          |       |       |     1 ||     1
Armor: Robe              |     4 |       |       ||     4
       Leather armour    |    23 |    21 |    49 ||    93
       Ring mail         |       |       |    27 ||    27
Dodge: Dodged            |    39 |    60 |   118 ||   217

Table legend: (Time is in decaauts)
 A = Elapsed time spent in this place.
 B = Non-inter-level travel time spent in this place.
 C = Inter-level travel time spent in this place.
 D = Time resting spent in this place.
 E = Time spent auto-exploring this place.
 F = Levels seen in this place.
 G = Mean time per level.
                   A        B        C        D        E       F      G
               +--------+--------+--------+--------+--------+-----+--------+
         Total |   8959 |   8403 |    556 |   1089 |   5774 |   8 | 1119.9 |
       Dungeon |   8760 |   8235 |    525 |   1089 |   5633 |   7 | 1251.4 |
        Temple |    199 |    168 |     31 |      0 |    141 |   1 |  199.0 |
               +--------+--------+--------+--------+--------+-----+--------+

Top non-repeatable levels by time:
     D:6: 1725 daAuts
     D:5: 1724 daAuts
     D:1: 1590 daAuts
     D:4: 1198 daAuts
     D:3: 1158 daAuts
     D:2: 997 daAuts
     D:7: 365 daAuts
  Temple: 199 daAuts
